 Dungeon Crawl Stone Soup version 0.28.0-53-g5a82cb258f (webtiles) character file.

Game seed: 6056877579725074420

20696 Zeld the Geomancer (level 12, -9/59 HPs)
             Began as a Gargoyle Earth Elementalist on May 26, 2022.
             Was an Elder of Vehumet.
             Killed by divine providence
             ... invoked by an orc high priest
              (12 damage)
             ... on level 9 of the Dungeon.
             The game lasted 00:22:34 (20725 turns).

Zeld the Geomancer (Gargoyle Earth Elementalist)   Turns: 20725, Time: 00:22:35

Health: -9/59      AC: 16    Str: 12    XL:     12   Next: 82%
Magic:  29/29      EV: 11    Int: 21    God:    Vehumet [****..]
Gold:   810        SH:  0    Dex: 10    Spells: 23/38 levels left

rFire   . . .      SeeInvis .   a - +4 flail (protect)
rCold   . . .      Faith    .   (no shield)
rNeg    + . .      Spirit   .   q - +0 robe
rPois   ∞          Reflect  .   t - +1 helmet
rElec   +          Harm     .   i - +2 cloak {Stlth+}
rCorr   .          Rampage  .   y - +0 pair of gloves
Will    .....                   (no boots)
Stlth   +++.......              I - amulet of regeneration
HPRegen 0.99/turn               C - ring of wizardry
MPRegen 0.21/turn               (no ring)

@: no status effects
A: sickness immunity, AC +8, negative energy resistance 1, electricity
resistance, torment resistance 1, petrification resistance
a: Renounce Religion


You were on level 9 of the Dungeon.
You worshipped Vehumet.
Vehumet was greatly pleased with you.
You visited 4 branches of the dungeon, and saw 14 of its levels.
You also visited: Sewer.

You collected 909 gold pieces.
You spent 99 gold pieces at shops.

Inventory:

Hand Weapons
 a - a +4 flail of protection (weapon)
Missiles
 c - 298 stones
Armour
 i - a +2 cloak of stealth (worn)
 q - a +0 robe (worn)
 t - a +1 helmet (worn)
 y - a +0 pair of gloves (worn)
Magical Staves
 b - a staff of earth
Jewellery
 B - a ring of protection from cold
 C - a ring of wizardry (left hand)
 I - an amulet of regeneration (around neck)
Wands
 j - a wand of paralysis (5)
 n - a wand of polymorph (16)
 v - a wand of mindburst (10)
 w - a wand of iceblast (16)
 G - a wand of charming (3)
Scrolls
 k - a scroll of silence {unknown}
 l - 6 scrolls of amnesia
 p - 2 scrolls of teleportation
 r - 2 scrolls of enchant armour
 s - a scroll of brand weapon {unknown}
 u - a scroll of summoning
 x - 2 scrolls of blinking {unknown}
 D - 2 scrolls of enchant weapon {unknown}
 J - 2 scrolls of identify
Potions
 d - a potion of lignification {unknown}
 e - 2 potions of attraction {unknown}
 f - a potion of magic {unknown}
 g - 5 potions of curing
 h - 6 potions of heal wounds
 m - a potion of resistance {unknown}
 o - 5 potions of might
 z - a potion of mutation {unknown}
 A - 4 potions of flight
 E - 3 potions of degeneration {unknown}
 F - a potion of haste {unknown}
 H - a potion of brilliance {unknown}


   Skills:
 - Level 1.5 Dodging
 - Level 2.1 Stealth
 * Level 13.8 Spellcasting
 - Level 10.0 Conjurations
 - Level 2.0 Transmutations
 - Level 14.0 Earth Magic


You had 23 spell levels left.
You knew the following spells:

 Your Spells              Type           Power      Damage    Failure   Level
a - Sandblast             Erth           100%       2d20      0%          1
b - Passwall              Tmut/Erth      40%        N/A       1%          2
c - Stone Arrow           Conj/Erth      100%       3d13      1%          3
d - Petrify               Tmut/Erth      48%        N/A       1%          4
e - Lee's Rapid Deconstr  Erth           32%        3d18*     1%          5

Your spell library contained the following spells:

 Spells                   Type           Power      Damage    Failure   Level
 Animate Skeleton         Necr           28%        N/A       1%          1
 Apportation              Tloc           28%        N/A       1%          1
 Pain                     Necr           56%        1d6       1%          1
 Sting                    Tmut/Pois      72%        1d6       1%          1
 Summon Small Mammal      Summ           56%        N/A       1%          1
 Poisonous Vapours        Pois/Air       28%        N/A       1%          2
 Irradiate                Conj/Tmut      19%        3d19      1%          5
 Corpse Rot               Necr/Air       28%        N/A       2%          2
 Borgnjor's Vile Clutch   Necr/Erth      21%        N/A       2%          5
 Ozocubu's Armour         Ice            14%        N/A       5%          3
 Tukima's Dance           Hex            14%        N/A       5%          3
 Olgreb's Toxic Radiance  Pois           14%        N/A       5%          4
 Yara's Violent Unravell  Hex/Tmut       9%         3d6       10%         5
 Animate Dead             Necr           7%         N/A       17%         4
 Cause Fear               Hex            7%         N/A       17%         4
 Passage of Golubria      Tloc           14%        N/A       17%         4
 Agony                    Necr           14%        N/A       43%         5
 Excruciating Wounds      Necr           7%         N/A       43%         5
 Death Channel            Necr           7%         N/A       92%         6
 Ozocubu's Refrigeration  Ice            7%         4d6       94%         7
 Dragon Form              Tmut           11%        N/A       99%         7
 Dragon's Call            Summ           7%         N/A       100%        9
 Sublimation of Blood     Necr           Unusable   N/A       N/A         2

Dungeon Overview and Level Annotations

Branches:
Dungeon (11/15)            Temple (1/1) D:5            Lair (1/6) D:9
    Orc (1/2) D:9           Sewer (visited)

Altars:
Ashenzari
Cheibriados
Dithmenos
Elyvilon
Fedhas
Gozag
Hepliaklqana
Kikubaaqudgha
Makhleb
Nemelex Xobeh
Okawaru
Qazlal
Ru
Sif Muna
Trog
Uskayaw
Vehumet
Wu Jian
Xom
Yredelemnul
Zin
The Shining One

Shops:
D:6 :   D:8 **

Annotations:
D:9 Erolcha


Innate Abilities, Weirdness & Mutations

You are immune to sickness and miasma.
Your stone body is resilient. (AC +8)
You are immune to poison.
You resist negative energy. (rN+)
You are resistant to electric shocks. (rElec)
You are resistant to unholy torment.
You are immune to petrification.


Message History

You kill the orc!
Vehumet accepts your kill.
You feel your power returning.
Casting: Stone Arrow (safe; 1% risk of failure)
Confirm with . or Enter, or press ? or * to list all spells.
You can't see any susceptible monsters within range! (Use Z to cast anyway.) Unknown command.
HP restored.
Key pressed, stopping explore.
Magic restored.
Things that are here:
a +0 giant club; an ogre corpse
Things that are here:
a +0 mace; an orc corpse
There is a staircase to the Orcish Mines here.
Okay, then.
You climb downwards.
Welcome back to the Orcish Mines!
Level annotation: Erolcha The warg bites you but does no damage.
The orc warrior hits you with a +0 mace.
The warg bites you!
The orc warrior hits you but does no damage.
A troll comes into view.
The orc warrior barely misses you.
The orc priest invokes the aid of Beogh against you.
Beogh smites you!
There is a staircase back to the Dungeon here.
The warg bites you!
The orc high priest hits you with a +0 hand axe.
* * * LOW HITPOINT WARNING * * *
The orc warrior hits you with a +0 flail!
* * * LOW HITPOINT WARNING * * *
The orc warrior hits you with a +0 mace!
* * * LOW HITPOINT WARNING * * *
Erolcha closely misses you.
You climb upwards.
Welcome back to the Dungeon!
There is a staircase to the Orcish Mines here.
The orc high priest mumbles some strange prayers to Beogh against you.
Beogh smites you!
You die...

#..........).#######...#
#....<)..##### #####.#
....).)))#...# #...#)###
.........).8.# #.8)[...#
.........#[..## ##...#...#
.........##.#[###'#.##...#
.........##.##O.o##.##...#
..######.##.##.h)##.##...#
..#....#.##.##oo@##.##...#
..#....#.##[#'###'#.##...#####
..#....###...#####...#.......#
..#........8.......8.#.......#
..#......#...#####...#.......#
..'......##########'##.......#
..#...............#..........#
..#........<......#..........#
..#...............'..........#


You could see an orc high priest, Erolcha, a warg and 2 orc warriors.

Vanquished Creatures
  Gastronok (D:10)
  Fannar (D:10)
  3 hydras (Lair:1)
  Harold (D:9)
  3 two-headed ogres
  Urug (D:10)
  Sonja (D:11)
  Nergalle (D:11)
  The ghost of Kazon the Skirmisher, a novice HOFi of Beogh (D:6)
  Maurice (D:10)
  A gargoyle (D:11)
  A cane toad (Lair:1)
  5 komodo dragons
  2 kobold demonologists (D:10)
  2 trolls
  4 blink frogs (Lair:1)
  2 wraiths
  A wyvern (D:8)
  2 steam dragons
  15 yaks
  Eustachio (D:6)
  Menkaure (D:6)
  5 water moccasins
  An acid dragon (D:8)
  8 orc warriors
  An ice beast (D:8)
  2 sky beasts
  A black bear (D:7)
  A necrophage (D:6)
  2 ogres
  4 centaurs
  A phantom (D:3)
  2 kobold brigands
  3 scorpions
  4 bullfrogs
  3 gnoll sergeants
  A water moccasin zombie (D:6)
  A wyvern skeleton (D:7)
  A water moccasin skeleton (D:5)
  12 killer bees
  2 howler monkeys (D:10)
  An electric eel (D:6)
  4 centaur zombies
  A bullfrog skeleton (D:4)
  2 centaur skeletons
  4 hounds
  12 orc priests
  A gnoll shaman (D:9)
  Crazy Yiuf (D:7)
  Jessica (D:2)
  2 iguanas (D:5)
  A merfolk siren (Sewer)
  10 orc wizards
  A merfolk avatar (Sewer)
  2 hound zombies (D:3)
  2 hound skeletons
  A howler monkey zombie (D:7)
  17 gnolls
  16 adders
  A river rat (Sewer)
  A white imp (D:7)
  A worm (D:6)
  4 dart slugs
  59 orcs
  5 endoplasms
  4 giant cockroaches
  11 goblins
  6 hobgoblins
  2 jackals (D:1)
  6 quokkas
  7 ball pythons
  5 bats
  5 frilled lizards
  14 kobolds
  29 rats
345 creatures vanquished.

Vanquished Creatures (others)
  7 fungi (Lair:1)
  A plant (Lair:1)
  A withered plant (D:6)
9 creatures vanquished.

Grand Total: 354 creatures vanquished

Notes
Turn   | Place    | Note
-------+----------+-------------------------------------------
     0 | D:1      | Zeld the Gargoyle Earth Elementalist began the quest for
                  | the Orb.
     0 | D:1      | Reached XP level 1. HP: 10/10 MP: 3/3
   126 | D:1      | Reached skill level 1 in Transmutations
   126 | D:1      | Reached XP level 2. HP: 10/15 MP: 1/5
   233 | D:1      | Learned a level 2 spell: Passwall
   238 | D:1      | Reached skill level 4 in Earth Magic
  1316 | D:1      | Reached XP level 3. HP: 19/19 MP: 6/6
  1326 | D:1      | Learned a level 3 spell: Stone Arrow
  1796 | D:2      | Found a faded altar of an unknown god.
  1933 | D:2      | Reached XP level 4. HP: 14/24 MP: 3/8
  2396 | D:2      | Noticed Jessica
  2400 | D:2      | Killed Jessica
  2401 | D:2      | Reached skill level 5 in Earth Magic
  2432 | D:2      | Found an iron altar of Okawaru.
  2825 | D:3      | Reached XP level 5. HP: 28/28 MP: 5/9
  3128 | D:3      | You fall into a shaft and drop 1 floor!
  3156 | D:4      | Learned a level 4 spell: Petrify
  3261 | D:4      | Found a shadowy altar of Dithmenos.
  3465 | D:3      | Reached XP level 6. HP: 29/32 MP: 8/11
  3504 | D:3      | Found a bloodstained altar of Trog.
  3959 | D:3      | Reached skill level 6 in Earth Magic
  4056 | D:4      | Found a hazy altar of Hepliaklqana.
  4220 | D:4      | Found a burning altar of Makhleb.
  4513 | D:4      | Reached skill level 1 in Conjurations
  4513 | D:4      | Reached XP level 7. HP: 35/36 MP: 10/14
  4684 | D:4      | Found a blossoming altar of Fedhas.
  4756 | D:5      | Entered Level 5 of the Dungeon
  5326 | D:5      | Reached skill level 5 in Spellcasting
  5326 | D:5      | Reached skill level 7 in Earth Magic
  5539 | D:5      | Found a staircase to the Ecumenical Temple.
  5549 | Temple   | Entered the Ecumenical Temple
  5630 | Temple   | Became a worshipper of Vehumet
  5914 | D:5      | Reached XP level 8. HP: 18/41 MP: 0/16
  6564 | D:5      | Reached skill level 8 in Earth Magic
  6939 | D:5      | Found a shimmering altar of Xom.
  6986 | D:6      | Noticed Menkaure
  6988 | D:6      | Killed Menkaure
  7011 | D:6      | Found an ancient bone altar of Kikubaaqudgha.
  7101 | D:6      | Noticed Eustachio
  7106 | D:6      | Killed Eustachio
  7198 | D:6      | Found a glowing drain.
  7203 | Sewer    | Entered a sewer
  7396 | Sewer    | Reached * piety under Vehumet
  7396 | Sewer    | Offered knowledge of Foxfire by Vehumet.
  7992 | Sewer    | Reached skill level 9 in Earth Magic
  8531 | D:6      | Reached XP level 9. HP: 39/45 MP: 15/19
  8918 | D:6      | Found Nikhaef's Book Shop.
  8963 | D:6      | Found an iron altar of Okawaru.
  8969 | D:6      | Noticed Kazon's ghost (novice HOFi)
  8979 | D:6      | Found a runed translucent gate.
  8979 | D:6      | Found a runed translucent gate.
  8981 | D:6      | Found a runed translucent gate.
  9281 | D:7      | Found a snail-covered altar of Cheibriados.
  9432 | D:7      | Offered knowledge of Static Discharge by Vehumet.
  9615 | D:7      | Reached ** piety under Vehumet
  9905 | D:7      | Found a runed translucent door.
  9906 | D:7      | Noticed Crazy Yiuf
  9954 | D:7      | Reached skill level 10 in Earth Magic
 10343 | D:7      | Reached skill level 5 in Conjurations
 10868 | D:7      | Killed Crazy Yiuf
 11352 | D:8      | Found Xezeriumu's Specific Store.
 11353 | D:8      | Found Argholaam's General Store.
 11356 | D:8      | Bought a potion of heal wounds for 55 gold pieces
 11356 | D:8      | Bought a potion of might for 44 gold pieces
 11380 | D:8      | Noticed a troll
 11383 | D:8      | Killed a troll
 11384 | D:8      | Reached skill level 11 in Earth Magic
 11587 | D:8      | Reached XP level 10. HP: 50/50 MP: 15/22
 11908 | D:8      | Offered knowledge of Searing Ray by Vehumet.
 12142 | D:8      | Found a hide-covered altar of Uskayaw.
 12531 | D:8      | Found a shimmering blue altar of Sif Muna.
 12532 | D:8      | Found a basalt altar of Yredelemnul.
 12682 | D:9      | Reached *** piety under Vehumet
 12872 | D:9      | Found a staircase to the Orcish Mines.
 13113 | D:9      | Offered knowledge of Airstrike by Vehumet.
 13526 | D:9      | Noticed Harold
 13535 | D:9      | Killed Harold
 13536 | D:9      | Reached skill level 12 in Earth Magic
 13862 | D:9      | Reached **** piety under Vehumet
 13955 | D:9      | Found a staircase to the Lair.
 14041 | D:9      | Offered knowledge of Lee's Rapid Deconstruction by Vehumet.
 14051 | D:9      | Learned a level 5 spell: Lee's Rapid Deconstruction
 14355 | D:9      | Found an ornate altar of the Wu Jian Council.
 14433 | D:9      | Reached XP level 11. HP: 51/54 MP: 20/24
 14729 | D:9      | Reached skill level 13 in Earth Magic
 14731 | D:9      | Reached skill level 10 in Spellcasting
 14836 | D:10     | Entered Level 10 of the Dungeon
 14836 | D:10     | Noticed Urug
 14843 | D:10     | Killed Urug
 15043 | D:10     | Noticed Maurice
 15052 | D:10     | Killed Maurice
 15610 | D:10     | Noticed Gastronok
 15767 | D:10     | Killed Gastronok
 15990 | D:10     | Noticed a two-headed ogre
 15995 | D:10     | Killed a two-headed ogre
 16067 | D:10     | Noticed Fannar
 16510 | D:10     | Killed Fannar
 16511 | D:10     | Reached skill level 14 in Earth Magic
 16780 | D:11     | Noticed a boulder beetle
 17082 | D:11     | Noticed a two-headed ogre
 17086 | D:11     | Killed a two-headed ogre
 17236 | D:11     | Noticed a two-headed ogre
 17243 | D:11     | Killed a two-headed ogre
 17245 | D:11     | Reached XP level 12. HP: 59/59 MP: 3/27
 17397 | D:11     | Noticed Sonja
 17401 | D:11     | Killed Sonja
 17546 | D:11     | Noticed Nergalle
 17556 | D:11     | Killed Nergalle
 18340 | Lair:1   | Entered Level 1 of the Lair of Beasts
 18340 | Lair:1   | Noticed a six-headed hydra
 18618 | Lair:1   | Noticed a six-headed hydra
 18631 | Lair:1   | Killed a six-headed hydra
 18839 | Lair:1   | Killed a six-headed hydra
 18941 | Lair:1   | Noticed a four-headed hydra
 18944 | Lair:1   | Killed a four-headed hydra
 18945 | Lair:1   | Reached skill level 10 in Conjurations
 20276 | D:6      | Killed Kazon's ghost
 20621 | Orc:1    | Entered Level 1 of the Orcish Mines
 20621 | Orc:1    | Noticed Erolcha
 20621 | Orc:1    | Noticed an orc high priest
 20723 | Orc:1    | HP: 1/59 [orc warrior/+0 mace[an orc high priest] (8)]
 20725 | D:9      | Killed from afar by an orc high priest

Illustrated notes

Levels and vault maps discovered:
D:1:      scummos_arrival_hexagon, layout_loops_corners, corner_web_ring
D:2:      layout_loops_corners, basic_altar,
          chequers_ecumenical_altar_simple_redux, kennysheep_generic_room_11,
          uniq_jessica
D:3:      layout_basic, trog_antimagical, serial_undead, serial_undead_a,
          serial_undead_c, serial_undead_b, serial_undead_a,
          minmay_goblin_outpost
D:4:      layout_basic, mainiacjoe_overflow_alcove_4, mainiacjoe_overflow_paths,
          grunt_dithmenos_smoke_and_mirrors, amcnicky_altar_gilded
D:5:      layout_basic, lemuel_doored_altar, minmay_temple_entry_overgrown,
          nrook_uturn
D:6:      layout_loops_cross, kiku_gazebo_garden_becter, lemuel_crystal_altar,
          serial_shops, nicolae_stop_n_shop_2, gup_sewer_entry_bowl,
          gammafunk_ghost_split, minmay_misc_feat_chi, kennysheep_donut,
          uniq_eustachio, uniq_menkaure
D:7:      layout_basic, mainiacjoe_overflow_chevrons, uniq_crazy_yiuf_cottage
D:8:      kennysheep_six_static_rooms, layout_basic,
          mainiacjoe_overflow_alcove_1, gammafunk_temple_overflow_statue,
          nicolae_specific_store
D:9:      layout_irregular_city, pdpol_wu_jian_five_deadly_venoms,
          dpeg_oklobed_lair, hiddenorc2_lemuel, uniq_harold
D:10:     layout_loops_cross, grunt_ministairs_3, uniq_urug, uniq_maurice,
          uniq_gastronok, uniq_fannar
D:11:     layout_long_grid, uniq_erica, uniq_nergalle, uniq_sonja
Temple:   jpeg_temple_island
Lair:1:   layout_cave_pods
Orc:1:    layout_caves, serial_shops, shop, bh_open_orc_temple, uniq_erolcha

Skill      XL: |  1  2  3  4  5  6  7  8  9 10 11 12 |
---------------+-------------------------------------+-----
Transmutations | 1 2 |  2.0
Earth Magic    | 4 5 6 7 9 11 12 14 | 14.0
Spellcasting   | 3 4 5 6 8 9 11 13 | 13.8
Conjurations   | 1 2 4 5 7 9 10 | 10.0
Dodging        | |  1.5
Stealth        | |  2.1

Action                   |  1- 3 |  4- 6 |  7- 9 | 10-12 || total
-------------------------+-------+-------+-------+-------++-------
Melee: Unarmed           |    21 |       |       |       ||    21
       War axe           |    26 |    18 |       |       ||    44
       Flail             |       |    32 |    98 |    40 ||   170
       Punch             |       |     1 |     1 |     2 ||     4
       Staff             |       |       |       |    16 ||    16
 Cast: Sandblast         |    29 |    75 |    22 |    31 ||   157
       Stone Arrow       |       |       |   157 |   203 ||   360
       Petrify           |       |       |     2 |    14 ||    16
       Lee's Rapid Decon |       |       |       |    64 ||    64
Evoke: Wand              |       |       |     1 |     1 ||     2
  Use: Scroll            |       |       |     7 |     2 ||     9
 Stab: Sleeping          |     4 |     2 |     2 |       ||     8
Armor: Robe              |    22 |    47 |   120 |   108 ||   297
Dodge: Dodged            |    35 |    72 |   116 |    89 ||   312
